 Dungeon Crawl Stone Soup version 0.31.0-12-g77e489cdc1 (webtiles) character file.

Game seed: 2302453202366366370

429 Bobsterar the Changeling (level 6, 0/61 HPs)
             Began as an Octopode Shapeshifter on Mar 7, 2024.
             Slain by a cerulean imp
             ... wielding a +0 spear
             ... summoned by Natasha
              (4 damage)
             ... on level 3 of the Dungeon.
             The game lasted 00:04:16 (2547 turns).

Bobsterar the Changeling (Octopode Shapeshifter)    Turns: 2547, Time: 00:04:16

Health: 0/61       AC: 23    Str: 15    XL:     6   Next: 98%
Magic:  9/9        EV:  2    Int: 12    God:
Gold:   85         SH:  0    Dex: 12    Spells: 9/9 levels left

rFire   . .          .
                       - Unarmed
rCold   . . .        (no shield)
rNeg    . . .        (helmet currently unavailable)
rPois   +            (no amulet)
rElec   .            (no ring)
rCorr   .            (no ring)
SInv    .            (no ring)
Will    .....        (no ring)
Stlth   +            (no ring)
HPRegen 0.30/turn    (no ring)
MPRegen 0.11/turn    (no ring)
                     (no ring)

%: no passive effects
@: tree-form
A: stationary, stasis, torment immunity, boosted hp, almost no armour,
(amphibious), 8 rings, (camouflage 1), (gelatinous body 1), (nimble swimmer 1),
(tentacles)
a: no special abilities


You were on level 3 of the Dungeon.
You were a tree.
You visited 1 branch of the dungeon, and saw 3 of its levels.

You collected 85 gold pieces.

Inventory:

Missiles
 m - a throwing net
Talismans
 b - a beast talisman
 c - a flux talisman (active)
Scrolls
 d - a scroll of silence {unknown}
 f - 2 scrolls of teleportation {unknown}
 g - a scroll of fog {unknown}
 k - a scroll of fear {unknown}
Potions
 a - a potion of lignification
 e - a potion of mutation {unknown}
 h - a potion of cancellation (quivered) {unknown}
 i - a potion of brilliance {unknown}
 j - a potion of curing {unknown}
 l - a potion of enlightenment {unknown}


   Skills:
 + Level 2.9 Fighting
 + Level 3.5 Dodging
 + Level 4.1 Unarmed Combat
 + Level 2.1 Spellcasting
 * Level 4.7 Shapeshifting


You had 9 spell levels left.
You didn't know any spells.
Your spell library contained the following spells:

 Spells                   Type           Power      Damage    Failure   Level
 Blink                    Tloc           2%         N/A       38%         2
 Lesser Beckoning         Tloc           2%         N/A       38%         2
 Momentum Strike          Conj/Tloc      2%         3d8       38%         2


Dungeon Overview and Level Annotations

Branches:
Dungeon (3/15)

Altars:
Fedhas

Shops:
D:1 =

Annotations:
D:3 Natasha


Innate Abilities, Weirdness & Mutations

You are a tree.
Your roots penetrate the ground, keeping you stationary.
You cannot be teleported.
You are immune to unholy pain and torment.
Your maximum health is greatly increased.
You cannot wear most types of armour.
((You are amphibious.))
You can wear up to eight rings at the same time.
((Your skin changes colour to match your surroundings (Stealth+).))
((Your rubbery body absorbs attacks. (AC +1, EV +1)))
((You are camouflaged when in or above water. (Stealth+)))
((You have tentacles for arms and can constrict up to eight enemies at once.))


Message History

Pain shoots through your body!
You tentacle-slap the orc priest.
The orc priest shudders as magic cascades through it!
You kill the orc priest!
The cerulean imp misses you.
The cerulean imp hits you from afar with a +0 spear.
You closely miss Natasha. You grab Natasha.
You constrict Natasha, but do no damage.
The cerulean imp completely misses you. The cerulean imp misses you.
Natasha claws you.
You barely miss Natasha. Your squeeze misses Natasha. You constrict Natasha.
The cerulean imp barely misses you.
The cerulean imp hits you from afar with a +1 spear.
The cerulean imp misses you. Natasha casts a spell at you.
The magic dart hits you!
* * * LOW HITPOINT WARNING * * *
Your transformation has ended.
You turn into a tree.
Your roots penetrate the ground.
You lose your grip on Natasha.
The cerulean imp hits you but does no damage.
The cerulean imp barely misses you.
The cerulean imp hits you but does no damage.
Natasha claws you but does no damage.
You hit Natasha.
Natasha is moderately wounded.
The cerulean imp hits you but does no damage.
The cerulean imp completely misses you. Natasha claws you.
* * * LOW HITPOINT WARNING * * *
The cerulean imp hits you but does no damage.
You closely miss Natasha.
Natasha is moderately wounded.
The cerulean imp hits you but does no damage. x3
Natasha stares at you and mumbles some strange words.
The magic dart hits you but does no damage.
You barely miss Natasha.
Natasha is moderately wounded.
The cerulean imp hits you but does no damage. x2
The cerulean imp hits you from afar with a +0 spear.
You die...

#..##...........##.##.##.#.......
...######...######.##.##)#.......
...# #...######.##...>#.......
...# #..........##.#..#.######
...# #..)#####..##.#..#.# #..
.#.## #......##.......>..####.#
....# #...##.##>#####.####>....
....# ###.##5##.# #.####.##.#
....# #####...5h♣.# #......##.#
##..###.......5#### #########.#
##..##.........# #..
........####...# ###
.#..#...##.....##
....#...........#########
..<.##........#.#.......#
.#####.###.#.##)#.#####.# .#
#.......##.#.#####.#


You could see Natasha and 3 cerulean imps.

Vanquished Creatures
  Sigmund (D:2)
  2 orc priests (D:3)
  Natasha (twice) (D:3)
  Terence (D:2)
  4 gnolls (D:3)
  3 adders
  A ribbon worm (D:2)
  6 orcs (D:3)
  9 ball pythons
  An endoplasm (D:3)
  3 giant cockroaches
  9 goblins
  6 hobgoblins
  5 jackals
  3 quokkas
  4 bats
  3 frilled lizards
  4 kobolds
  4 rats
71 creatures vanquished.

Notes
Turn   | Place    | Note
-------+----------+-------------------------------------------
     0 | D:1      | Bobsterar the Octopode Shapeshifter began the quest for the
                  | Orb.
     0 | D:1      | Reached XP level 1. HP: 13/13 MP: 1/1
   170 | D:1      | Reached XP level 2. HP: 18/18 MP: 2/2
   434 | D:1      | Found Sixis's Jewellery Boutique.
   593 | D:1      | Found a faded altar of an unknown god.
   950 | D:2      | Noticed Sigmund
   953 | D:2      | Noticed Terence
   963 | D:2      | Killed Sigmund
   964 | D:2      | Reached skill level 1 in Spellcasting
   964 | D:2      | Reached XP level 3. HP: 7/24 MP: 2/5
   964 | D:2      | Reached XP level 4. HP: 8/29 MP: 2/6
   964 | D:2      | Reached XP level 5. HP: 10/34 MP: 2/7
   966 | D:2      | Killed Terence
  1280 | D:2      | Reached XP level 6. HP: 14/41 MP: 8/8
  1632 | D:3      | Noticed Natasha
  1637 | D:3      | Killed Natasha
  1945 | D:3      | Found a blossoming altar of Fedhas.
  1950 | D:3      | Noticed Natasha
  1962 | D:3      | Killed Natasha
  2536 | D:3      | Noticed Natasha
  2545 | D:3      | HP: 3/61 [Natasha (5)]
  2547 | D:3      | Slain by a cerulean imp

Illustrated notes

Levels and vault maps discovered:
D:1:      psy_arrival_radial01, layout_loops_ring, serial_shops,
          nicolae_shop_back_alley_shop, nicolae_ecumenical_lake_church
D:2:      minmay_alternating_diamond, layout_rooms, uniq_sigmund, uniq_terence
D:3:      layout_loops_cross, mainiacjoe_overflow_cross_hatched,
          nrook_mini_backslash, uniq_natasha

Skill      XL: |  1  2  3  4  5  6 |
---------------+-------------------+-----
Fighting       | 2 |  2.9
Dodging        | 3 |  3.5
Spellcasting   | 1 2 |  2.1
Shapeshifting  | 4 |  4.7
Unarmed Combat | 4 |  4.1

Action                     |  1- 3 |  4- 6 || total
---------------------------+-------+-------++-------
  Melee: Unarmed           |    41 |   123 ||   164
         Constrict         |    10 |    40 ||    50
         Tentacles         |     9 |    27 ||    36
         Punch             |     2 |       ||     2
    Use: Potion            |     1 |     3 ||     4
   Stab: Sleeping          |     1 |       ||     1
 Armour: Skin              |    21 |    53 ||    74
  Dodge: Dodged            |    25 |    94 ||   119
   Form: Beast             |     1 |       ||     1
         Flux              |       |     1 ||     1
